cohdb
Replays
Latest Replays
All Replays
Popular Replays
Top Player Replays
Match Explorer
How It Works
Community
CoH3 Stats
Reddit
Sign in to upload your games and track your stats! →
Sign in with Steam
Match 43143685
Unlisted
Match 43143685
Overview
Messages
Build Orders
End
Construct Infanterie Kompanie
Selects Luftwaffe Battlegroup
Selects Luftwaffe Pioneer Support
Fallschirmpioneer Squad Paradrop
MG 42 Machine Gun Team
GrW 34 Mortar Team
Fallschirmpioneer Squad Paradrop
Construct Luftwaffe Kompanie
Selects Stuka Strafing Run
Support Elements
Stuka Strafing Run
Wirbelwind Flakpanzer
Luftwaffe Officer Quarters
Selects LG40 Recoilless Gun Paradrop
Stuka Strafing Run
Selects Fallschirmjäger Squad Paradrop
Construct Panzergrenadier Kompanie
Fallschirmpioneer Squad Paradrop
StuG III G Assault Gun
Joraad
[AFFEN] DaMachico
GameKing
花间酌酒
Orcinus orca
376960781
1131140351
Jackosaur
0
0
Comments
sign in to comment!
No comments posted yet!